 Dungeon Crawl Stone Soup version 0.18-a0-1426-g3b9a63c (webtiles) character file.

193 chei the Skirmisher (level 5, -3/49 HPs)
             Began as a Naga Fighter on Feb 27, 2016.
             Slain by a killer bee (6 damage)
             ... on level 4 of the Dungeon.
             The game lasted 00:03:40 (2244 turns).

chei the Skirmisher (Naga Fighter)                  Turns: 2244, Time: 00:03:40

Health: -3/49      AC:  6    Str: 19    XL:     5   Next: 72%
Magic:  14/14      EV:  6    Int:  8    God:
Gold:   112        SH:  9    Dex: 11    Spells: 0 memorised, 4 levels left

rFire  . . .     SeeInvis +     a - +0 long sword
rCold  . . .     Gourm    .     b - +0 scale mail
rNeg   . . .     Faith    .     c - +0 shield
rPois  +         Spirit   .     (no helmet)
rElec  .         Dismiss  .     n - +0 cloak
rCorr  +         Reflect  .     (no gloves)
SustAt .         Harm     .     (no barding)
MR     .....                    (no amulet)
Stlth  ..........               r - ring of resist corrosion
                                e - ring of magical power

@: about to teleport, very slow, not resistant to hostile enchantments,
extremely unstealthy
A: see invisible, deformed body, poison resistance, slowness 2, slow metabolism
1, spit poison 2, AC +1
a: Spit Poison


You were on level 4 of the Dungeon.
You were hungry.

You visited 1 branch of the dungeon, and saw 4 of its levels.

You collected 112 gold pieces.

Inventory:

Hand Weapons
 a - a +0 long sword (weapon)
Armour
 b - a +0 scale mail (worn)
 c - a +0 shield (worn)
 n - a +0 cloak (worn)
Jewellery
 e - a ring of magical power (left hand)
 r - a ring of resist corrosion (right hand)
Scrolls
 g - 2 scrolls of fog
 l - a scroll of identify
 o - 2 scrolls of amnesia
 q - 2 scrolls of teleportation
 v - a scroll of enchant weapon {unknown}
 w - a scroll of immolation {unknown}
 x - 2 scrolls of remove curse
 y - a scroll of blinking {unknown}
 C - a scroll of recharging {unknown}
Potions
 d - a potion of degeneration {unknown}
 h - a potion of brilliance
 i - 2 potions of ambrosia
 k - 3 potions of curing
 m - a potion of haste {unknown}
 t - a potion of agility
 z - a potion of berserk rage
 B - 2 potions of heal wounds
Comestibles
 f - 2 bread rations
 j - 4 meat rations
 s - a royal jelly
 u - 2 beef jerkies


   Skills:
 + Level 3.4 Fighting
 * Level 3.2 Long Blades
 + Level 3.4 Armour
 + Level 1.1 Dodging
 + Level 3.3 Shields


You had 4 spell levels left.
You didn't know any spells.

Dungeon Overview and Level Annotations

Branches:
Dungeon (4/15)
 Temple: D:4-7

Altars:
Sif Muna
The Shining One


Innate Abilities, Weirdness & Mutations

You cannot wear boots.
Your serpentine skin is tough (AC +1).
You have supernaturally acute eyesight.
Armour fits poorly on your strangely shaped body.
Your system is resistant to poisons.
You cover ground very slowly.
You have a slow metabolism.
You can spit poison.


Message History

A killer bee comes into view.
The killer bee buzzes angrily.
A killer bee comes into view. 2 killer bees come into view.
The killer bee buzzes angrily. x2
The killer bee stings you. x2
You barely miss the killer bee. You block the killer bee's attack.
The killer bee stings you. You block the killer bee's attack. x2
The killer bee barely misses you. x2
You closely miss the killer bee. You block the killer bee's attack.
The killer bee stings you! You block the killer bee's attack.
The killer bee stings you. The killer bee stings you!
* * * LOW HITPOINT WARNING * * *
The killer bee stings you!
* * * LOW HITPOINT WARNING * * *
The killer bee stings you but does no damage.
Read which item? (? for menu, Esc to quit)
As you read the scroll of teleportation, it crumbles to dust.
You feel strangely unstable. The killer bee stings you.
You die...

#######.##..####.######
#.##..#.........#.
#..#..#...........
##.#..#..)........
#.#..#...........
#....#..<........
##...#...........
######...#...........
#.yy@....#...........
......yy.#..#.......#+##
..###.#.....####.####
#.#....... .. #
......### .. #....#...
.....#..## ##.#..# .#


You could see 4 killer bees.

Vanquished Creatures
  An ogre (D:4)
  Jessica (D:2)
  Natasha (D:2)
  An ooze (D:2)
  3 dart slugs
  A giant gecko (D:1)
  2 orcs
  A ball python (D:2)
  7 bats
  4 giant cockroaches
  7 goblins
  6 hobgoblins
  2 kobolds (D:1)
  2 quokkas
  A giant gecko skeleton (D:3)
  6 giant newts
  6 rats
52 creatures vanquished.

Notes
Turn   | Place    | Note
--------------------------------------------------------------
     0 | D:1      | chei the Naga Fighter began the quest for the Orb.
     0 | D:1      | Reached XP level 1. HP: 21/21 MP: 1/1
   205 | D:1      | Reached XP level 2. HP: 24/28 MP: 2/2
   721 | D:2      | Reached XP level 3. HP: 29/34 MP: 3/3
   777 | D:2      | Noticed Jessica
   787 | D:2      | Killed Jessica
   984 | D:2      | Reached XP level 4. HP: 42/42 MP: 4/4
  1258 | D:2      | Noticed Natasha
  1269 | D:2      | Killed Natasha
  1627 | D:3      | Found a glowing golden altar of the Shining One.
  1658 | D:3      | Found a deep blue altar of Sif Muna.
  2204 | D:4      | Noticed an ogre
  2209 | D:4      | Killed an ogre
  2209 | D:4      | Reached skill level 1 in Dodging
  2209 | D:4      | Reached XP level 5. HP: 37/49 MP: 5/5
  2244 | D:4      | Slain by a killer bee

Vault maps used:
D:1:      lightli_arrival_noodles
D:2:      uniq_jessica, uniq_natasha
D:3:      tso_metal_star, overflow_temple_1_default, first_bread
D:4:      gammafunk_temple_overflow_statue, serial_glass, glass_columns_a,
          glass_columns_a, minivault_4

Skill      XL: |  1  2  3  4 |
---------------+-------------+-----
Armour         | 3 |  3.4
Shields        | 3 |  3.3
Long Blades    | 3 |  3.2
Dodging        | 1 |  1.1
Fighting       | |  3.4

Action                   |  1- 3 |  4- 6 || total
-------------------------+-------+-------++-------
Melee: Long sword        |    70 |    97 ||   167
  Use: Scroll            |       |    11 ||    11
       Potion            |       |     1 ||     1
  Eat: Pizza             |       |     1 ||     1
       Chunk             |       |     1 ||     1
